 Dungeon Crawl Stone Soup version 0.23.2-33-g5129a83184 (webtiles) character file.

Game seed: 451325466459875492

10948 t4s4d4r the Geomancer (level 11, -1/51 HPs)
             Began as a Felid Earth Elementalist on July 4, 2019.
             Was a High Priest of Nemelex Xobeh.
             Slain by a blink frog (15 damage)
             ... on level 6 of the Lair of Beasts.
             The game lasted 00:55:33 (27024 turns).

t4s4d4r the Geomancer (Felid Earth Elementalist)   Turns: 27024, Time: 00:55:33

Health: -1/51      AC:  3    Str:  9    XL:     11   Next: 42%
Magic:  22/22      EV: 27    Int: 20    God:    Nemelex Xobeh [*****.]
Gold:   1251       SH:  0    Dex: 18    Spells: 10/23 levels left
                                        Lives:  0   Deaths: 3

rFire    . . .     SeeInvis +   (weapon unavailable)
rCold    + . .     Gourm    .   (shield unavailable)
rNeg     . . .     Faith    .   (armour unavailable)
rPois    .         Spirit   .   (helmet unavailable)
rElec    .         Reflect  .   (cloak unavailable)
rCorr    .         Harm     .   (gloves unavailable)
MR       ++...                  (boots unavailable)
Stlth    +++++.....             g - amulet of regeneration
HPRegen  0.57/turn              E - ring of protection from magic
MPRegen  0.18/turn              r - +5 ring of strength

@: lethally poisoned (-1 -> -3), quick
A: very small, no armour, no weapons or thrown items, stealth, claws 1, fangs 3,
see invisible, carnivore, speed 1, shaggy fur 3, slow metabolism 1, sharp paws
a: Draw Escape, Draw Destruction, Draw Summoning, Triple Draw, Deal Four, Stack
Five, Renounce Religion


You were on level 6 of the Lair of Beasts.
You worshipped Nemelex Xobeh.
Nemelex Xobeh was extremely pleased with you.
You were very full.

You visited 3 branches of the dungeon, and saw 20 of its levels.
You also visited: Ossuary.

You collected 1251 gold pieces.

Inventory:

Missiles
 b - 154 stones
Jewellery
 g - an amulet of regeneration (around neck)
 j - an uncursed ring of positive energy
 r - a +5 ring of strength (right paw)
 v - an uncursed ring of flight
 E - a ring of protection from magic (left paw)
 F - a +2 amulet of reflection {unknown}
 L - a +5 amulet of reflection {unknown}
Wands
 a - a wand of random effects (9)
 l - a wand of clouds (2)
 p - a wand of acid (4)
 x - a wand of polymorph (6)
 y - a wand of iceblast (19)
 D - a wand of flame (9)
 G - a wand of disintegration (39)
 I - a wand of paralysis (6)
Scrolls
 d - 3 scrolls of teleportation
 q - 5 scrolls of magic mapping
 s - a scroll of amnesia
 t - 7 scrolls of remove curse
 A - a scroll of immolation {unknown}
 J - 4 scrolls of identify
 K - 3 scrolls of fog {unknown}
 M - a scroll of vulnerability {unknown}
Potions
 e - a potion of resistance {unknown}
 f - 3 potions of might
 h - a potion of magic {unknown}
 i - 10 potions of curing
 k - 2 potions of berserk rage
 m - 4 potions of cancellation
 n - 9 potions of heal wounds
 o - a potion of lignification {unknown}
 u - 3 potions of agility
 w - 4 potions of brilliance
 z - 2 potions of haste
 B - 5 potions of ambrosia
 H - a potion of mutation {unknown}
 N - a potion of flight {unknown}
Miscellaneous
 C - a lightning rod (4/4)
Comestibles
 c - 31 rations
 O - a chunk of flesh


   Skills:
 - Level 8.1 Fighting
 - Level 10.6 Dodging
 - Level 10.1 Stealth
 - Level 6.9 Spellcasting
 - Level 3.8 Conjurations
 + Level 7.0 Transmutations
 + Level 12.3 Earth Magic
 + Level 8.5 Invocations


You had 10 spell levels left.
You knew the following spells:

 Your Spells              Type           Power        Failure   Level  Hunger
a - Sandblast             Erth           ######       1%          1    None
b - Stone Arrow           Conj/Erth      #####.       1%          3    #......
c - Lee's Rapid Deconstr  Erth           ######....   1%          5    #####..
d - Petrify               Tmut/Erth      #####...     1%          4    ###....

Your spell library contained the following spells:

 Spells                   Type           Power        Failure   Level  Hunger
 Beastly Appendage        Tmut           ####..       1%          1    None
 Passwall                 Tmut/Erth      #####...     1%          2    None
 Sticks to Snakes         Tmut           ####....     1%          2    None
 Spider Form              Tmut/Pois      ###.......   7%          3    #......
 Animate Skeleton         Necr           N/A          10%         1    None
 Apportation              Tloc           #.....       10%         1    None
 Confusing Touch          Hex            #.....       10%         1    None
 Summon Small Mammal      Summ           #...         10%         1    None
 Blade Hands              Tmut           ####......   16%         5    #####..
 Ice Form                 Ice/Tmut       ###.....     22%         4    ###....


Dungeon Overview and Level Annotations

Branches:
Dungeon (13/15)            Temple (1/1) D:6            Lair (6/6) D:11
 Shoals (0/4) Lair:4       Spider (0/4) Lair:3          Orc (0/2) D:11
 Vaults (0/5) D:13
  Slime: Lair:5-6

Altars:
Cheibriados
Elyvilon
Fedhas
Hepliaklqana
Kikubaaqudgha
Nemelex Xobeh
Okawaru
Qazlal
Ru
Sif Muna
Trog
Uskayaw
Yredelemnul
Zin
The Shining One
Beogh

Annotations:
D:4 Dowan
Lair:2 exclusion: 2 oklob plants
Lair:6 1 transporter, funkygono's ghost, journeyman FoFi


Innate Abilities, Weirdness & Mutations

You cannot wear armour.
You are incapable of wielding weapons or throwing items.
Your paws allow you to move quietly. (Stealth)
You have sharp claws.
You have razor-sharp teeth.
You have supernaturally acute eyesight. (SInv)
You are carnivorous and can eat meat at any time.
You cover ground quickly.
Your thick and shaggy fur keeps you warm. (AC +3, rC+)
You have a slow metabolism.
Your sharp claws are effective at attacking unaware monsters.


Message History

The death yak bellows!
You scratch the blink frog.
The blink frog is lightly wounded.
You feel sick. The blink frog completely misses you. The yak gores you.
The spiny frog misses you. The water moccasin misses you.
The blink frog hits you.
The spiny frog gives a loud, deep croak!
You scratch the blink frog.
The blink frog is lightly wounded.
You feel sick.
The water moccasin completely misses you.
The spiny frog completely misses you. The blink frog barely misses you.
The blink frog misses you. The yak gores you.
* * * LOW HITPOINT WARNING * * *
The blink frog completely misses you.
You scratch the blink frog.
The blink frog is lightly wounded.
You feel sick. The water moccasin barely misses you. The blink frog hits you!
You die...
Your body glows with a rainbow of weird colours and disappears.

,,,*,,,*.#$,#..........##.....###
,,,*,,,*,#,,#...........#....####
,,,*,,,,,,,##...........#...##...
,,,***,,,###....Y..........Y.....
,,,,,*####...................Y...
,,,,,...........Y................
,,,,,............................
,,,,,....)..FF.FF......#.....#.Y#
,,,,,......P.#.S@#.#........####.
,,,,,....F..##:YFF...[......# #..
,,,,,.......,#.SYY##.P......# #..
,,,,,......#*#...#.#*,.##P..####.
,,,,,,.....,##F#Y###***###...* #.
,,,,,,,...,*#....# #....#####
,,,,,,,....*#F.H.### ###..#...P
,,,,,,,.....#......#####.#.....Y.
,,,,,,,.......YY.#.#.#..#........


You could see 4 death yaks, an elephant, a hippogriff, a yak, 3 spiny frogs, 5
blink frogs and 2 water moccasins.

Vanquished Creatures
  A hydra (Lair:3)
  3 two-headed ogres
  A dancing weapon (D:13)
  A death yak (Lair:4)
  2 unseen horrors (D:12)
  A necromancer (D:13)
  A deep elf mage (D:13)
  6 ugly things
  A manticore (D:11)
  An oklob plant (Lair:5)
  4 black mambas
  5 spiny frogs
  A rime drake (Lair:4)
  4 komodo dragons
  2 trolls
  A hornet (D:7)
  11 blink frogs
  9 hippogriffs
  A wraith (D:12)
  19 yaks
  4 wyverns
  2 humans (D:7)
  Grum (D:10)
  2 steam dragons
  Menkaure (Ossuary)
  2 vampire mosquitoes (D:13)
  An acid dragon (D:10)
  7 water moccasins
  12 porcupines
  2 ice beasts
  5 orc warriors
  2 black bears (D:10)
  A necrophage (D:6)
  3 sky beasts
  9 ogres
  2 wolves
  2 phantoms
  9 centaurs
  7 crocodiles
  2 big kobolds
  7 bullfrogs
  4 scorpions
  5 killer bees
  15 wights
  3 howler monkeys
  5 crimson imps
  2 electric eels
  A bullfrog zombie (D:13)
  A quasit (D:9)
  6 centaur zombies
  6 hounds
  4 jellies
  3 bullfrog skeletons
  4 orc priests
  2 centaur skeletons
  4 iguanas
  10 orc wizards
  16 worker ants
  An ogre zombie (Ossuary)
  6 mummies (Ossuary)
  Robin (D:2)
  A howler monkey skeleton (D:6)
  9 adders
  3 gnolls (D:5)
  2 shadow imps
  2 oozes
  7 adder zombies
  A worm (D:2)
  2 dart slugs (D:1)
  4 leopard geckos
  40 orcs
  7 giant cockroaches
  A gnoll zombie (D:8)
  13 goblins
  4 hobgoblins
  4 jackals (D:7)
  14 kobolds
  5 quokkas
  4 ball pythons
  11 bats
  6 frilled lizards
  6 goblin zombies (Ossuary)
  4 hobgoblin zombies (Ossuary)
  A leopard gecko skeleton (D:8)
  A quokka skeleton (D:7)
  6 quokka zombies
  6 rats
  7 rat zombies
  A plant (Lair:3)
429 creatures vanquished.

Vanquished Creatures (collateral kills)
  2 orc wizards (D:11)
  3 orcs (D:11)
5 creatures vanquished.

Vanquished Creatures (others)
  3 blink frogs (Lair:4)
  3 centaurs (D:12)
  A ball lightning (D:11)
  An orc (D:12)
  17 fungi
  4 plants
  5 toadstools (D:8)
34 creatures vanquished.

Grand Total: 468 creatures vanquished

Notes
Turn   | Place    | Note
-------+----------+-------------------------------------------
     0 | D:1      | t4s4d4r the Felid Earth Elementalist began the quest for
                  | the Orb.
     0 | D:1      | Reached XP level 1. HP: 7/7 MP: 4/4
   141 | D:1      | Reached XP level 2. HP: 5/11 MP: 3/6
  1015 | D:1      | Reached skill level 1 in Fighting
  1136 | D:2      | Reached skill level 3 in Earth Magic
  1280 | D:2      | Noticed Robin
  1376 | D:2      | Reached XP level 3. HP: 12/15 MP: 8/8
  1534 | D:2      | Learned a level 3 spell: Stone Arrow
  1611 | D:2      | Killed Robin
  1747 | D:2      | Reached skill level 1 in Conjurations
  2037 | D:2      | Reached XP level 4. HP: 19/19 MP: 6/9
  3353 | D:3      | Found a stormy altar of Qazlal.
  3970 | D:3      | Reached XP level 5. HP: 22/22 MP: 6/10
  4815 | D:4      | Noticed Dowan
  4919 | D:4      | Reached skill level 4 in Earth Magic
  5058 | D:4      | Gained mutation: You are covered in thick fur. (AC +2)
                  | [Felid growth]
  5058 | D:4      | Reached XP level 6. HP: 25/25 MP: 3/12
  5423 | D:5      | Entered Level 5 of the Dungeon
  6017 | D:5      | Reached XP level 7. HP: 30/30 MP: 6/14
  6204 | D:5      | Reached skill level 5 in Dodging
  6241 | D:5      | Found a deep blue altar of Sif Muna.
  6743 | D:6      | Reached skill level 5 in Earth Magic
  6798 | D:6      | Found a staircase to the Ecumenical Temple.
  6887 | Temple   | Entered the Ecumenical Temple
  6930 | Temple   | Became a worshipper of Nemelex Xobeh the Trickster
  7012 | D:6      | Reached XP level 8. HP: 34/34 MP: 5/15
  7207 | D:6      | Found a sacrificial altar of Ru.
  7277 | D:6      | Received a gift from Nemelex Xobeh
  7440 | D:6      | Reached skill level 6 in Earth Magic
  8147 | D:6      | Reached skill level 1 in Invocations
  8508 | D:7      | Noticed a hornet
  8519 | D:6      | Learned a level 5 spell: Lee's Rapid Deconstruction
  8554 | D:7      | Reached * piety under Nemelex Xobeh
  8912 | D:7      | Reached skill level 7 in Earth Magic
  9206 | D:7      | Killed a hornet
  9436 | D:7      | Found a glowing silver altar of Zin.
  9558 | D:7      | Found an iron altar of Okawaru.
  9560 | D:7      | Reached XP level 9. HP: 38/38 MP: 5/16
  9700 | D:7      | Reached skill level 5 in Stealth
 10068 | D:8      | Reached skill level 8 in Earth Magic
 10180 | D:8      | Found a sand-covered staircase.
 10292 | Ossuary  | Entered an ossuary
 11270 | Ossuary  | Noticed Menkaure
 11472 | Ossuary  | Killed Menkaure
 11472 | Ossuary  | Reached skill level 5 in Fighting
 11780 | D:8      | Received a gift from Nemelex Xobeh
 12031 | D:8      | Reached skill level 5 in Spellcasting
 12961 | D:9      | Reached XP level 10. HP: 44/45 MP: 3/19
 13093 | D:9      | Received a gift from Nemelex Xobeh
 13173 | D:9      | Reached ** piety under Nemelex Xobeh
 13384 | D:9      | Noticed a two-headed ogre
 13444 | D:9      | Killed a two-headed ogre
 13444 | D:9      | Reached skill level 5 in Invocations
 13789 | D:9      | Learned a level 4 spell: Petrify
 13817 | D:10     | Entered Level 10 of the Dungeon
 13817 | D:10     | Received a gift from Nemelex Xobeh
 13847 | D:10     | Noticed Grum
 14041 | D:10     | Killed Grum
 14365 | D:10     | Reached skill level 9 in Earth Magic
 15322 | D:11     | Received a gift from Nemelex Xobeh
 15329 | D:11     | Noticed a two-headed ogre
 15334 | D:11     | Killed a two-headed ogre
 15440 | D:11     | Noticed a green ugly thing
 15474 | D:11     | Killed a green ugly thing
 15637 | D:11     | Noticed a white ugly thing
 15724 | D:10     | Reached XP level 11. HP: 26/48 MP: 0/21
 16344 | D:11     | Reached skill level 10 in Earth Magic
 16801 | D:11     | Killed a white ugly thing
 17161 | D:11     | Found a staircase to the Lair.
 17362 | D:11     | Found a staircase to the Orcish Mines.
 17368 | D:11     | Found a roughly hewn altar of Beogh.
 17369 | D:11     | Reached *** piety under Nemelex Xobeh
 17369 | D:11     | Received a gift from Nemelex Xobeh
 17500 | D:11     | Noticed a cyan ugly thing
 17518 | D:11     | Killed a cyan ugly thing
 17933 | D:12     | Noticed a white ugly thing
 18488 | D:12     | Shot with an arrow by a centaur
 18489 | D:12     | Reached XP level 10. HP: -5/45 MP: 21/21
 18741 | D:12     | Noticed a two-headed ogre
 18789 | D:12     | Killed a two-headed ogre
 18789 | D:12     | Reached skill level 10 in Stealth
 18789 | D:12     | Reached skill level 11 in Earth Magic
 19118 | D:12     | Reached XP level 11. HP: 48/48 MP: 16/22
 19221 | D:12     | Noticed an unseen horror
 19225 | D:12     | Killed an unseen horror
 19276 | D:12     | Noticed an unseen horror
 19282 | D:12     | Killed an unseen horror
 19490 | D:12     | Received a gift from Nemelex Xobeh
 19766 | D:12     | Killed a white ugly thing
 20116 | D:13     | Noticed a deep elf mage
 20120 | D:13     | Killed a deep elf mage
 20228 | D:13     | Noticed a white ugly thing
 20414 | D:13     | Noticed a white ugly thing
 20467 | D:12     | Killed a white ugly thing
 20634 | D:12     | Killed a brown ugly thing
 20847 | D:13     | Noticed a +3 long sword
 20849 | D:13     | Found a gate to the Vaults.
 20861 | D:13     | Killed a +3 long sword
 20861 | D:13     | Reached skill level 10 in Dodging
 20920 | D:13     | Noticed a +5 long sword
 20930 | D:13     | HP: 1/51 [+5 long sword (15)]
 20932 | D:13     | Annihilated by a +5 long sword
 20933 | D:13     | Reached XP level 10. HP: -22/48 MP: 3/21
 21063 | D:13     | Noticed a necromancer
 21068 | D:13     | Killed a necromancer
 21088 | D:13     | HP: 2/48 [+5 long sword (17)]
 21297 | D:13     | Noticed a manticore
 21386 | Lair:1   | Entered Level 1 of the Lair of Beasts
 21576 | Lair:1   | Received a gift from Nemelex Xobeh
 21581 | Lair:1   | Reached **** piety under Nemelex Xobeh
 21708 | Lair:1   | Noticed a black mamba
 21715 | Lair:1   | Killed a black mamba
 21820 | Lair:1   | Reached XP level 11. HP: 51/51 MP: 16/22
 22546 | Lair:2   | Received a gift from Nemelex Xobeh
 23061 | Lair:2   | Noticed an oklob plant
 23061 | Lair:2   | Noticed an oklob plant
 23217 | Lair:3   | Received a gift from Nemelex Xobeh
 23250 | Lair:3   | Reached ***** piety under Nemelex Xobeh
 23365 | Lair:3   | Found a hole to the Spider Nest.
 23671 | Lair:3   | Received a gift from Nemelex Xobeh
 23870 | Lair:3   | Reached skill level 5 in Transmutations
 24177 | Lair:3   | Noticed a seven-headed hydra
 24189 | Lair:3   | Killed a seven-headed hydra
 25013 | Lair:4   | Reached skill level 12 in Earth Magic
 25040 | Lair:4   | Gained mutation: Your thick and shaggy fur keeps you warm.
                  | (AC +3, rC+) [Felid growth]
 25040 | Lair:4   | Reached XP level 12. HP: 46/55 MP: 0/23
 25341 | Lair:4   | Received a gift from Nemelex Xobeh
 25357 | Lair:4   | Found a staircase to the Shoals.
 26375 | Lair:5   | Found a basalt altar of Yredelemnul.
 26390 | Lair:5   | Noticed a death yak
 26391 | Lair:5   | Noticed a death yak
 26472 | Lair:4   | Killed a death yak
 26735 | Lair:5   | You fall through a shaft!
 26735 | Lair:6   | Entered Level 6 of the Lair of Beasts
 26926 | Lair:6   | Noticed a death yak
 26927 | Lair:6   | Noticed a death yak
 26928 | Lair:6   | Noticed a death yak
 26929 | Lair:6   | Noticed a death yak
 26929 | Lair:6   | Noticed a death yak
 26930 | Lair:6   | Noticed a death yak
 26984 | Lair:6   | HP: 1/55 [spiny frog (18)]
 26984 | Lair:6   | Mangled by a spiny frog
 26985 | Lair:6   | Reached XP level 11. HP: -6/51 MP: 21/22
 26985 | Lair:6   | Received a gift from Nemelex Xobeh
 26998 | Lair:6   | Found a transporter.
 27002 | Lair:6   | Noticed funkygono's ghost (journeyman FoFi)
 27002 | Lair:6   | Noticed a seven-headed hydra
 27024 | Lair:6   | Slain by a blink frog

Skill      XL: |  1  2  3  4  5  6  7  8  9 10 11 12 |
---------------+-------------------------------------+-----
Fighting       | 1 2 3 5 6 8 |  8.1
Earth Magic    | 3 4 5 7 8 11 12 | 12.3
Conjurations   | 1 2 3 |  3.8
Spellcasting   | 3 4 5 6 |  6.9
Dodging        | 4 5 6 10 | 10.6
Invocations    | 3 6 7 8 |  8.5
Stealth        | 4 6 10 9 | 10.1
Transmutations | 2 5 7 |  7.0

Action                   |  1- 3 |  4- 6 |  7- 9 | 10-12 || total
-------------------------+-------+-------+-------+-------++-------
Melee: Unarmed           |   108 |   124 |   158 |   211 ||   601
       Bite              |     7 |    11 |    17 |    29 ||    64
 Cast: Sandblast         |    21 |    40 |    62 |   151 ||   274
       Stone Arrow       |       |    40 |   168 |   322 ||   530
       Lee's Rapid Decon |       |       |     3 |    54 ||    57
       Petrify           |       |       |       |     5 ||     5
 Abil: Draw Destruction  |       |       |       |    16 ||    16
       Draw Summoning    |       |       |       |     1 ||     1
Evoke: Wand              |       |       |     2 |       ||     2
  Use: Scroll            |       |       |    14 |    10 ||    24
 Stab: Sleeping          |     9 |     8 |    10 |     3 ||    30
       Distracted        |       |     1 |       |     1 ||     2
  Eat: Chunk             |    10 |    11 |    23 |    65 ||   109
Armor: Skin              |     6 |     7 |    15 |    20 ||    48
Dodge: Dodged            |   102 |   139 |   165 |   451 ||   857
